 Dungeon Crawl Stone Soup version 0.20-a0-1126-g0f15420 (webtiles) character file.

1313 zhorgal the Cleaver (level 8, -10/64 HPs)
             Began as a Hill Orc Fighter on May 17, 2017.
             Was a Follower of Uskayaw.
             Killed by divine providence
             ... invoked by an orc priest
              (14 damage)
             ... on level 6 of the Dungeon.
             The game lasted 00:18:13 (5016 turns).

zhorgal the Cleaver (Hill Orc Fighter)              Turns: 5016, Time: 00:18:14

Health: -10/64     AC: 14    Str: 19    XL:     8   Next: 58%
Magic:  11/11      EV:  5    Int:  8    God:    Uskayaw [*.....]
Gold:   241        SH: 11    Dex: 12    Spells: 7/7 levels left

rFire    . . .     SeeInvis .   a - +0 war axe
rCold    . . .     Gourm    .   c - +0 shield
rNeg     . . .     Faith    .   w - +0 chain mail
rPois    .         Spirit   .   v - +0 helmet
rElec    +         Reflect  +   (no cloak)
rCorr    .         Harm     .   r - +0 pair of gloves
MR       .....                  (no boots)
Stlth    ..........             e - +2 amulet of reflection
Regen    0.2/turn               p - ring of Ymedock {rElec AC+3}
MPRegen  0.2/turn               y - ring of loudness (curse)

@: no status effects
A: no striking features
a: Stomp, Renounce Religion, Convert to Beogh


You were on level 6 of the Dungeon.
You worshipped Uskayaw.
Uskayaw was noncommittal.
You were not hungry.

You visited 2 branches of the dungeon, and saw 7 of its levels.

You collected 241 gold pieces.

Inventory:

Hand Weapons
 a - a +0 war axe (weapon)
 s - a +0 mace of crushing
Missiles
 i - 128 stones (quivered)
Armour
 b - a +0 scale mail
 c - a +0 shield (worn)
 r - a +0 pair of gloves (worn)
 v - a +0 helmet (worn)
 w - a +0 chain mail (worn)
Jewellery
 e - a +2 amulet of reflection (around neck)
 m - an uncursed ring of positive energy
 p - the ring of Ymedock (left hand) {rElec AC+3}
   (You found it on level 4 of the Dungeon)

   [ring of protection]

   It affects your AC (+3).
   It insulates you from electricity.
 y - a cursed ring of loudness (right hand)
Wands
 t - a wand of confusion (46/48)
 z - a wand of random effects (27/48)
Scrolls
 h - a scroll of identify
 k - 3 scrolls of teleportation
Potions
 d - 2 potions of might
 j - a potion of ambrosia
 l - 4 potions of curing
 q - 2 potions of haste
 u - a potion of heal wounds
 A - a potion of mutation
Comestibles
 f - 4 bread rations
 n - 2 meat rations
 o - 3 royal jellies
 x - 6 fruits


   Skills:
 - Level 3.6 Fighting
 + Level 12.2 Axes
 - Level 3.2 Armour
 - Level 3.2 Shields
 + Level 4.7 Invocations


You had 7 spell levels left.
You didn't know any spells.

Dungeon Overview and Level Annotations

Branches:
Dungeon (6/15)             Temple (1/1) D:4

Altars:
Ashenzari
Cheibriados
Dithmenos
Elyvilon
Fedhas
Gozag
Hepliaklqana
Kikubaaqudgha
Makhleb
Nemelex Xobeh
Okawaru
Qazlal
Ru
Sif Muna
Trog
Uskayaw
Vehumet
Wu Jian
Xom
Yredelemnul
Zin
The Shining One


Message History

You can no longer pass through a line of other dancers.
An orc priest comes into view. It is wielding a flail.
The orc priest shouts!
An orc comes into view.
The orc priest calls down the wrath of Beogh upon you.
Beogh smites you!
* * * LOW HITPOINT WARNING * * *
A jackal and an orc come into view.
The jackal barks!
A jackal comes into view.
A jackal comes into view.
The jackal barks! x2
The orc priest threatens, "By the altar or by the axe, you will meet Beogh!"
The orc priest casts a cantrip, but nothing happens.
An orc wizard comes into view. It is wielding a flail.
The orc wizard shouts!
The orc hits you but does no damage.
The orc priest invokes the aid of Beogh against you.
Beogh smites you!
You die...

############################
†................o.o.......#
#####################.###..##
####.....o.......#
###....o.o##.###.#.#
.......o..##.....#
...#.o.@..##........
........h.....###..##
..>...h....##.# .#
..##......##.# #
....o.h....##.# .
...##......##.##.
...........# .#.. ..#..h..###
.#.# . .# # ####..####.#.#
)##.#


You could see an orc warrior, an orc priest, an orc wizard, 3 orcs and 4
jackals.

Vanquished Creatures
  A hippogriff (D:3)
  The ghost of zhorgal the Chopper, an amateur HOFi of Uskayaw (D:3)
  An ogre (D:6)
  A bullfrog (D:6)
  2 scorpions
  2 howler monkeys
  A jelly (D:4)
  A hound (D:5)
  3 orc priests
  2 bullfrog skeletons
  2 centaur skeletons (D:4)
  An iguana (D:4)
  4 worker ants
  A howler monkey zombie (D:6)
  Robin (D:3)
  3 gnolls (D:5)
  8 adders
  2 oozes
  2 worms
  3 dart slugs
  4 leopard geckos
  18 orcs
  2 ball pythons
  14 bats
  2 giant cockroaches
  23 goblins
  14 hobgoblins
  9 jackals
  5 kobolds
  3 quokkas
  3 frilled lizards
  12 rats
151 creatures vanquished.

Notes
Turn   | Place    | Note
-------+----------+-------------------------------------------
     0 | D:1      | zhorgal the Hill Orc Fighter began the quest for the Orb.
     0 | D:1      | Reached XP level 1. HP: 19/19 MP: 1/1
    29 | D:1      | Reached skill level 3 in Axes
   135 | D:1      | Reached XP level 2. HP: 26/26 MP: 2/2
   318 | D:1      | Reached skill level 4 in Axes
   360 | D:1      | Reached XP level 3. HP: 25/31 MP: 3/3
   604 | D:1      | Reached skill level 5 in Axes
  1221 | D:2      | Reached XP level 4. HP: 38/39 MP: 4/4
  1619 | D:2      | Reached skill level 6 in Axes
  1827 | D:3      | Noticed zhorgal's ghost (amateur HOFi)
  1844 | D:3      | Killed zhorgal's ghost
  1844 | D:3      | Reached skill level 8 in Axes
  1844 | D:3      | Reached XP level 5. HP: 21/45 MP: 5/5
  1844 | D:3      | Reached XP level 6. HP: 24/51 MP: 6/6
  2134 | D:3      | Noticed a hippogriff
  2146 | D:3      | Killed a hippogriff
  2146 | D:3      | Reached skill level 10 in Axes
  2146 | D:3      | Reached XP level 7. HP: 43/57 MP: 7/7
  2369 | D:3      | Noticed Robin
  2383 | D:3      | Killed Robin
  2652 | D:3      | Found a blossoming altar of Fedhas.
  2938 | D:4      | You fall through a shaft!
  2938 | D:5      | Entered Level 5 of the Dungeon
  3404 | D:4      | Found an opulent altar of Gozag.
  3545 | D:4      | Reached skill level 11 in Axes
  3628 | D:4      | Found a staircase to the Ecumenical Temple.
  3637 | Temple   | Entered the Ecumenical Temple
  3734 | Temple   | Became a worshipper of Uskayaw the Reveler
  3805 | D:4      | Reached XP level 8. HP: 64/64 MP: 8/8
  3805 | D:4      | Reached * piety under Uskayaw
  3846 | D:4      | Reached ** piety under Uskayaw
  3848 | D:4      | Reached skill level 1 in Invocations
  4010 | D:4      | Got a bound bone ring
  4012 | D:4      | Identified the ring of Ymedock {rElec AC+3} (You found it on level 4 of the Dungeon)
  4740 | D:6      | Reached skill level 12 in Axes
  4977 | D:6      | Reached *** piety under Uskayaw
  4979 | D:6      | Reached **** piety under Uskayaw
  5016 | D:6      | Killed from afar by an orc priest

Vault maps used:
D:1:      dpeg_arrival_subterranean_lakeside_camping, minmay_hexomino_f4
D:3:      fedhas_altar_fruit_tree, uniq_robin
D:4:      nicolae_overflow_crystal_walls, minmay_temple_entry_mist
D:5:      first_bread
D:6:      basic_altar, serial_shops, kennysheep_mini, grunt_ministairs_3,
          minmay_a_box_with_orc_wizards_in_it, uniq_blork_the_orc
Temple:   kilobyte_greek_temple

Skill      XL: |  1  2  3  4  5  6  7  8 |
---------------+-------------------------+-----
Axes           | 3 4 5 8 10 11 12 | 12.2
Invocations    | 4 |  4.7
Fighting       | |  3.6
Armour         | |  3.2
Shields        | |  3.2

Action                   |  1- 3 |  4- 6 |  7- 9 || total
-------------------------+-------+-------+-------++-------
Melee: War axe           |   119 |   112 |   247 ||   478
Throw: Stone             |    75 |    72 |   102 ||   249
Evoke: Wand              |       |       |     3 ||     3
  Use: Scroll            |       |       |     8 ||     8
       Potion            |       |       |     4 ||     4
 Stab: Distracted        |       |       |     1 ||     1
       Paralysed         |       |       |     2 ||     2
  Eat: Chunk             |     1 |     3 |    10 ||    14
Armor: Scale mail        |    39 |    39 |    12 ||    90
       Chain mail        |       |       |    73 ||    73
Dodge: Dodged            |    39 |    30 |    35 ||   104
Block: Shield            |    82 |    53 |   113 ||   248
       Reflection        |     1 |       |     2 ||     3
